 Dungeon Crawl Stone Soup version 0.26-a0-651-gb41185065b (webtiles) character file.

Game seed: 17787634364418475056

7 raph the Sneak (level 1, 0/7 HPs)
             Began as a Felid Air Elementalist on Oct 18, 2020.
             Slain by a bat (1 damage)
             ... on level 1 of the Dungeon.
             The game lasted 00:01:57 (786 turns).

raph the Sneak (Felid Air Elementalist)              Turns: 786, Time: 00:01:58

Health: 0/7        AC:  1    Str:  4    XL:     1   Next: 83%
Magic:  2/4        EV: 18    Int: 16    God:
Gold:   73         SH:  0    Dex: 16    Spells: 3/4 levels left
                                        Lives:  0   Deaths: 0

rFire    . . .     SeeInvis +   (weapon unavailable)
rCold    . . .     Faith    .   (shield unavailable)
rNeg     . . .     Spirit   .   (armour unavailable)
rPois    .         Reflect  .   (helmet unavailable)
rElec    .         Harm     .   (cloak unavailable)
rCorr    .         Rampage  .   (gloves unavailable)
MR       .....                  (boots unavailable)
Stlth    +++.......             (no amulet)
HPRegen  0.02/turn              (no ring)
MPRegen  0.09/turn              (no ring)

@: quick
A: very small, no armour, no weapons or thrown items, stealth, claws 1, fangs 3,
see invisible, speed 1, shaggy fur 1, sharp paws
a: no special abilities


You were on level 1 of the Dungeon.
You visited 1 branch of the dungeon, and saw 1 of its levels.

You collected 73 gold pieces.

Inventory:

Scrolls
 a - a scroll of teleportation {unknown}
 b - a scroll of fog {unknown}
 c - a scroll of amnesia {unknown}
Potions
 d - a potion of lignification {unknown}


   Skills:
 + Level 2.8 Dodging
 + Level 2.9 Stealth
 + Level 2.0 Spellcasting
 * Level 1.1 Conjurations
 * Level 2.8 Air Magic


You had 3 spell levels left.
You knew the following spells:

 Your Spells              Type           Power        Failure   Level
a - Shock                 Conj/Air       #...         9%          1

Your spell library contained the following spells:

 Spells                   Type           Power        Failure   Level
 Swiftness                Air            ##......     10%         2
 Static Discharge         Conj/Air       #.......     26%         3
 Airstrike                Air            ##........   54%         4
 Lightning Bolt           Conj/Air       #.........   94%         5


Dungeon Overview and Level Annotations

Branches:
Dungeon (1/15)

Altars:


Innate Abilities, Weirdness & Mutations

You cannot wear armour.
You are incapable of wielding weapons or throwing items.
Your paws allow you to move quietly. (Stealth)
You have sharp claws.
You have razor-sharp teeth.
You have supernaturally acute eyesight. (SInv)
You cover ground quickly.
You are covered in fur. (AC +1)
Your sharp claws are effective at attacking unaware monsters.


Message History

The bat hits you but does no damage. The bat barely misses you.
The bat closely misses you.
Casting: Shock (safe; 9% risk of failure)
Confirm with . or Enter, or press ? or * to list all spells.
Aiming: Shock (safe; 9% risk of failure)
Press: ? - help, Shift-Dir - straight line, f/p - bat
Aim: a bat The zap misses the bat.
The bat barely misses you. The bat completely misses you.
You scratch the bat.
The bat is heavily wounded.
The bat barely misses you. The bat barely misses you.
The bat closely misses you.
There is an open door here.
You closely miss the bat. Your bite misses the bat.
The bat is moderately wounded.
The bat hits you.
You die...

....#.############.#.#...#.#.# #.
....#................#.#.#.#.###.
.........รท......................>
.....#############.###.#.#.#.....
.....# ### #.# #.#.#.#####. ####.#
#.####.###.#.#.# #. #.#
#...[#J..#.J...# #. #
#.########....#.#.###.### #
#.#......#...@b.#.# #.# ##
#.#.####.#....###.# #.# .###.#.#
#.###### #.# #J# .[.#.#.# #.# #.#
#.# ...#.#.# #.# #.# #.# #..#.#.#
#.###### #.# #.# #..#.#.#
#.##...###'###.# #......#
#.##........##.# #..#.###
#.##.....(..##.#


You could see a bat.

Vanquished Creatures
  A dart slug (D:1)
  A giant cockroach (D:1)
  A goblin (D:1)
  A bat (D:1)
  A frilled lizard (D:1)
5 creatures vanquished.

Notes
Turn   | Place    | Note
-------+----------+-------------------------------------------
     0 | D:1      | raph the Felid Air Elementalist began the quest for the
                  | Orb.
     0 | D:1      | Reached XP level 1. HP: 7/7 MP: 4/4
   140 | D:1      | Reached skill level 1 in Conjurations
   786 | D:1      | Slain by a bat

Illustrated notes

Levels and vault maps discovered:
D:1:      minmay_arrival_split_and_join, layout_basic

Skill      XL: |  1 |
---------------+----+-----
Conjurations   | 1 |  1.1
Dodging        | |  2.8
Stealth        | |  2.9
Spellcasting   | |  2.0
Air Magic      | |  2.8

Action                   || total
-------------------------++-------
Melee: Unarmed           ||    11
       Bite              ||     1
 Cast: Shock             ||    19
Armor: Skin              ||     2
Dodge: Dodged            ||    44

Table legend: (Time is in decaauts)
 A = Elapsed time spent in this place.
 B = Non-inter-level travel time spent in this place.
 C = Inter-level travel time spent in this place.
 D = Time resting spent in this place.
 E = Time spent auto-exploring this place.
 F = Levels seen in this place.
 G = Mean time per level.
                   A        B        C        D        E       F      G
               +--------+--------+--------+--------+--------+-----+--------+
         Total |    696 |    696 |      0 |    280 |    243 |   1 |  696.0 |
       Dungeon |    696 |    696 |      0 |    280 |    243 |   1 |  696.0 |
               +--------+--------+--------+--------+--------+-----+--------+

Top non-repeatable levels by time:
     D:1: 696 daAuts
